AoeStats
← Piphex.-

Arena

510014610Analyzed
4v4 RM · 4d ago on Sep 29, 2026· 52m 39s· 8 players
Game mode
Random Map
Map size
Large (8 player)
Population
200
Speed
Normal
Resources
Standard
Victory
Conquest
Starting age
Dark Age
Ending age
Imperial Age
RankedLock teamsTeams togetherTeam positionsShared explorationLock speedFull tech treeHidden civsTurbo modeCheats
Victory
Defeat
🇦🇷 Varangians · Argentina
1372
+14
🇦🇷 Khmer · Argentina
1346
+15
🇨🇴 Byzantines · Colombia
1334
+15
🇺🇸 Mongols · United States
1287
+17
1382
-17
🇨🇱 Turks · Chile
1357
-17
🇨🇱 Spanish · Chile
1314
-15
🇨🇱 Cumans · Chile
1238
-12
[CL] Poeta Violento IX
11:07 Feudal Age
12:45 Double-Bit Axe
15:27 Castle Age
13:18 Horse Collar
14:43 Scale Barding Armor
14:49 Forging
20:30 Loom
22:00 Bow Saw
23:42 Bloodlines
24:27 Heavy Plow
25:48 Wheelbarrow
26:10 Chain Barding Armor
26:01 Husbandry
29:59 Iron Casting
34:28 Imperial Age
32:14 Hand Cart
31:45 Town Watch
32:14 Gold Mining
32:14 Stone Mining
35:34 Plate Barding Armor
36:00 Blast Furnace
34:22 Cavalier
35:48 Fletching
35:59 Padded Archer Armor
35:59 Scale Mail Armor
36:01 Town Patrol
35:59 Savar
38:11 Gold Shaft Mining
37:26 Stone Mining
39:36 Two-Man Saw
39:18 Bodkin Arrow
42:00 Stone Shaft Mining
42:02 Conscription
42:18 Hoardings
42:03 Masonry
44:18 Ballistics
44:59 Chemistry
44:29 Architecture
44:17 Leather Archer Armor
44:38 Guilds
44:58 Coinage
46:53 Citadels
46:45 Kamandaran
48:54 Banking
51:54 Ring Archer Armor
50:46 Crossbowman
51:32 Thumb Ring
51:55 Elite War Elephant
Lucas
9:06 Loom
11:08 Feudal Age
16:31 Castle Age
28:03 Double-Bit Axe
33:44 Imperial Age
31:37 Bow Saw
33:36 Horse Collar
36:46 Fletching
37:08 Padded Archer Armor
37:50 Wheelbarrow
38:21 Two-Man Saw
37:32 Bodkin Arrow
37:22 Elite Skirmisher
39:31 Chemistry
38:54 Leather Archer Armor
39:24 Bracer
40:26 Ring Archer Armor
42:15 Hand Cart
46:25 Ballistics
Piphex.-
9:09 Loom
11:41 Feudal Age
12:55 Double-Bit Axe
15:21 Castle Age
13:29 Horse Collar
18:45 Loom
31:05 Imperial Age
30:34 Bow Saw
30:25 Heavy Plow
32:05 Gold Mining
32:06 Stone Mining
32:49 Elite Janissary
41:09 Wheelbarrow
42:33 Conscription
44:02 Hand Cart
44:24 Gold Shaft Mining
43:58 Scale Barding Armor
44:05 Forging
Kenzoak
11:31 Feudal Age
15:21 Castle Age
13:39 Double-Bit Axe
13:45 Horse Collar
18:09 Scale Barding Armor
23:43 Bloodlines
26:44 Forging
29:26 Wheelbarrow
30:11 Bow Saw
35:59 Imperial Age
34:19 Iron Casting
34:50 Chain Barding Armor
35:27 Fletching
35:24 Elite Skirmisher
36:00 Cavalier
37:58 Blast Furnace
36:55 Bodkin Arrow
37:01 Padded Archer Armor
41:00 Paladin
42:39 Coinage
42:54 Ballistics
43:23 Hand Cart
43:11 Heavy Plow
44:14 Two-Man Saw
48:23 Light Cavalry
50:37 Hussar
51:55 Conscription
CTM | Franco*
9:33 Feudal Age
8:04 Loom
13:02 Castle Age
11:29 Double-Bit Axe
12:51 Horse Collar
15:36 Wheelbarrow
24:31 Fletching
27:09 Ballistics
29:58 Bow Saw
29:53 Heavy Plow
35:18 Bodkin Arrow
38:55 Hand Cart
44:26 Fortified Wall
44:29 Gold Mining
44:29 Stone Mining
45:30 Scale Mail Armor
45:40 Forging
45:43 Pikeman
46:09 Arson
47:40 Chain Mail Armor
48:01 Iron Casting
47:39 Town Watch
49:02 Gold Shaft Mining
50:00 Bodkin Arrow
54:18 Imperial Age
52:42 Scale Barding Armor
CTM | Severo24cm
9:27 Feudal Age
7:44 Loom
9:30 Feudal Age
11:51 Double-Bit Axe
13:42 Fletching
14:42 Horse Collar
23:24 Castle Age
23:54 Stone Mining
23:54 Gold Mining
25:24 Stone Shaft Mining
27:59 Bow Saw
29:24 Bloodlines
29:24 Scale Barding Armor
30:46 Chain Barding Armor
31:38 Fortified Wall
35:11 Wheelbarrow
34:22 Town Watch
39:46 Imperial Age
38:24 Hand Cart
38:13 Scale Mail Armor
38:24 Forging
38:26 Squires
38:13 Arson
38:16 Treadmill Crane
38:48 Masonry
39:42 Chain Mail Armor
39:38 Pikeman
40:03 Gothikon
41:05 Conscription
41:25 Plate Mail Armor
41:30 Iron Casting
40:57 Elite Varangian Guard
43:06 Iron Casting
42:23 Capped Ram
45:08 Blast Furnace
43:31 Halberdier
47:24 Siege Ram
50:20 Guilds
50:24 Vendel Legacy
chiwire
9:14 Feudal Age
8:29 Loom
13:46 Castle Age
11:39 Double-Bit Axe
14:48 Bow Saw
14:36 Horse Collar
24:30 Wheelbarrow
24:19 Heavy Plow
24:32 Gold Mining
25:01 Stone Mining
26:26 Gold Shaft Mining
29:37 Imperial Age
27:10 Fletching
27:21 Padded Archer Armor
28:27 Hand Cart
27:58 Town Watch
28:48 Bodkin Arrow
29:09 Leather Archer Armor
29:34 Ballistics
29:46 Elite Mangudai
32:14 Chemistry
31:44 Conscription
32:03 Thumb Ring
32:00 Husbandry
32:50 Parthian Tactics
35:01 Bloodlines
41:39 Bracer
45:00 Drill
44:59 Caravan
CTM | SUNYQ
10:50 Feudal Age
14:29 Castle Age
12:32 Double-Bit Axe
13:23 Horse Collar
16:08 Fervor
21:42 Wheelbarrow
21:43 Gold Mining
24:38 Hand Cart
25:23 Scale Mail Armor
25:30 Scale Barding Armor
26:14 Gold Shaft Mining
26:12 Forging
27:00 Chain Barding Armor
29:13 Imperial Age
28:33 Iron Casting
28:01 Husbandry
28:45 Fortified Wall
28:48 Bow Saw
28:39 Heavy Plow
28:11 Elite Skirmisher
28:49 Loom
28:56 Arson
31:33 Chemistry
31:16 Cavalier
32:34 Plate Barding Armor
33:01 Two-Man Saw
32:29 Squires
32:59 Ballistics
32:39 Stone Mining
33:08 Elite Varangian Guard
34:12 Scale Mail Armor
36:58 Bombard Tower
38:19 Chain Mail Armor
38:56 Conscription
39:38 Pikeman
41:14 Hoardings
40:22 Treadmill Crane
40:39 Murder Holes
41:25 Stone Shaft Mining
41:44 Plate Mail Armor
41:50 Crop Rotation
41:17 Halberdier
43:36 Fletching
50:35 Logistica
51:54 Coinage
51:53 Greek Fire
52:07 Bodkin Arrow
Connection lost

Rejoining the realm…

Still unreachable

The connection could not be restored.

Session expired

The server has moved on; the page needs a fresh start.